 Dungeon Crawl Stone Soup version 0.25-a0-670-g50981ef59b (webtiles) character file.

Game seed: 7956237639237116259, levelgen mode: deterministic

2149 Armakuni the Slasher (level 9, -1/55 HPs)
             Began as a Deep Elf Wanderer on Mar 29, 2020.
             Was an Initiate of Gozag.
             Slain by an orc warrior
             ... wielding a +0 mace
              (17 damage)
             ... on level 6 of the Dungeon.
             The game lasted 00:28:48 (7665 turns).

Armakuni the Slasher (Deep Elf Wanderer)            Turns: 7665, Time: 00:28:48

Health: -1/55      AC:  9    Str: 12    XL:     9   Next: 10%
Magic:  13/15      EV: 10    Int: 17    God:    Gozag
Gold:   607        SH:  5    Dex: 15    Spells: 4/14 levels left

rFire    . . .     SeeInvis .   b - +2 falchion (vamp)
rCold    . . .     Gourm    .   t - +0 buckler
rNeg     . . .     Faith    .   e - +1 ring mail
rPois    +         Spirit   .   r - +0 helmet
rElec    .         Reflect  .   n - +1 cloak
rCorr    .         Harm     .   (no gloves)
MR       .....                  (no boots)
Stlth    +.........             R - amulet of regeneration
HPRegen  0.58/turn              W - ring of wizardry
MPRegen  0.14/turn              P - ring of poison resistance

@: drained
A: mutation resistance 1
a: Potion Petition, Call Merchant, Bribe Branch, Renounce Religion


You were on level 6 of the Dungeon.
You worshipped Gozag.
Gozag was pleased with you.
You were not hungry.

You visited 2 branches of the dungeon, and saw 7 of its levels.
You also visited: Sewer and Ossuary.

You collected 1104 gold pieces.
You paid 497 gold pieces to Gozag.

Inventory:

Hand Weapons
 a - the +6 dagger of the Final Decision {speed, rF++ Int+2}
   (You found it on level 6 of the Dungeon)

   Attacks with this weapon are significantly faster.
   It affects your intelligence (+2).
   It greatly protects you from fire.
 b - a +2 vampiric falchion (weapon)
 f - the +5 war axe of the Fifty Deaths {flame, Dex+2}
   (You found it on level 6 of the Dungeon)

   It has been specially enchanted to burn those struck by it, causing extra
   injury to most foes and up to half again as much damage against particularly
   susceptible opponents.
   Big, fiery blades are also staple armaments of hydra-hunters.
   It affects your dexterity (+2).
Armour
 e - a +1 ring mail (worn)
 n - a +1 cloak (worn)
 r - a +0 helmet (worn)
 t - a +0 buckler (worn)
 C - the +1 chain mail of the Morning {Int+5}
   (You found it on level 6 of the Dungeon)

   It affects your intelligence (+5).
Jewellery
 I - an uncursed ring of see invisible
 P - a ring of poison resistance (right hand)
 R - an amulet of regeneration (around neck)
 T - an uncursed ring of teleportation
 W - a ring of wizardry (left hand)
Wands
 x - a wand of acid (10)
Scrolls
 g - 3 scrolls of enchant armour
 h - 3 scrolls of fear
 j - 2 scrolls of fog
 k - a scroll of noise
 l - 4 scrolls of teleportation
 o - 6 scrolls of identify
 p - 3 scrolls of magic mapping
 s - 3 scrolls of remove curse
 w - a scroll of immolation
 B - a scroll of amnesia
Potions
 c - 3 potions of curing
 m - 2 potions of resistance
 u - a potion of brilliance
 v - a potion of ambrosia
 z - a potion of might
 A - a potion of mutation
Comestibles
 y - 8 rations


   Skills:
 + Level 6.0(5.2) Fighting
 - Level 1.6(3.8) Short Blades
 + Level 6.4(5.6) Long Blades
 - Level 3.2(2.4) Axes
 - Level 1.0(0.2) Throwing
 - Level 1.0(0.2) Armour
 - Level 1.0(0.3) Dodging
 - Level 1.2(0.4) Stealth
 - Level 4.0(3.1) Shields
 - Level 3.0(2.1) Spellcasting
 - Level 1.7(1.0) Conjurations
 - Level 2.2(1.4) Hexes
   Level 1.1(0.3) Transmutations


You had 4 spell levels left.
You knew the following spells:

 Your Spells              Type           Power        Failure   Level  Hunger
a - Conjure Flame         Conj/Fire      #.......     41%         3    ###....
b - Blink                 Tloc           N/A          28%         2    ###....
m - Mephitic Cloud        Conj/Pois/Air  #.......     43%         3    ###....
s - Slow                  Hex            #.......     16%         2    ###....

Your spell library contained the following spells:

 Spells                   Type           Power        Failure   Level  Hunger
 Magic Dart               Conj           #...         13%         1    #......
 Call Imp                 Summ           #.......     28%         2    ###....


Dungeon Overview and Level Annotations

Branches:
Dungeon (6/15)             Temple (1/1) D:4           Sewer (visited)
Ossuary (visited)

Altars:
Cheibriados
Dithmenos
Elyvilon
Fedhas
Gozag
Kikubaaqudgha
Makhleb
Nemelex Xobeh
Qazlal
Ru
Trog
Uskayaw
Wu Jian
Xom
Yredelemnul
Zin
The Shining One

Shops:
D:6 [

Annotations:
D:4 Grinder


Innate Abilities, Weirdness & Mutations

You are somewhat resistant to further mutation.


Message History

You completely miss the orc warrior.
The orc warrior is heavily wounded.
The black bear closely misses the orc warrior.
The black bear claws the orc warrior but does no damage. x2
The orc warrior hits the black bear with a +0 mace!
You catch the helpless orc warrior completely off-guard!
You hit the orc warrior but do no damage.
The orc warrior is heavily wounded.
The black bear bites the orc warrior.
The black bear claws the orc warrior but does no damage. x2
Unknown command.
You hit the orc warrior.
You feel better.
The orc warrior is severely wounded.
The black bear barely misses the orc warrior.
The black bear claws the orc warrior but does no damage. x2
You hit the orc warrior.
The orc warrior is almost dead.
The orc warrior hits you with a +0 mace!
You die...
Your body crumbles into a pile of gold.

###5h# #.#...
##.###########
#.#.##
#.##.........
#.#...
#....########
#.#### ####.#
#.# #5# #.# #h#
#.# #o# #.# #@#
#.#
#.###########.#
#.............#
###############


You could see an orc warrior (confused), a black bear (confused) and a shadow
imp.

Vanquished Creatures
  2 yaks (D:6)
  Purgy (Sewer)
  A bullfrog (D:6)
  A gnoll sergeant (D:5)
  A wyvern zombie (Ossuary)
  A scorpion (D:5)
  4 wights
  3 centaur zombies
  A crimson imp (D:5)
  5 bullfrog zombies (Ossuary)
  2 gnoll shamans (D:5)
  Jessica (D:2)
  Ijyb (D:4)
  Natasha (thrice) (D:3)
  3 worker ants
  An orc wizard (D:5)
  A killer bee zombie (Ossuary)
  A hound zombie (Ossuary)
  17 mummies
  A worker ant zombie (Ossuary)
  Robin (D:3)
  30 gnolls (D:5)
  3 adders
  2 river rats (D:5)
  3 oozes
  3 adder zombies
  A worm (D:2)
  A dart slug (D:1)
  2 leopard geckos (D:1)
  11 orcs
  A giant cockroach (D:1)
  16 goblins
  4 hobgoblins
  29 jackals
  10 kobolds
  A quokka (D:5)
  A ball python (D:5)
  6 bats
  2 frilled lizards
  A hobgoblin zombie (D:6)
  A jackal zombie (Ossuary)
  2 leopard gecko zombies (Ossuary)
  An orc zombie (D:6)
  3 quokka zombies (Ossuary)
  4 rats
190 creatures vanquished.

Vanquished Creatures (others)
  3 withered plants (Ossuary)
3 creatures vanquished.

Grand Total: 193 creatures vanquished

Notes
Turn   | Place    | Note
-------+----------+-------------------------------------------
     0 | D:1      | Armakuni the Deep Elf Wanderer began the quest for the Orb.
     0 | D:1      | Armakuni set off with the following items: a +0 mace, a +0
                  | hand axe, a +0 robe, a ration; and the following spell
                  | memorised: Magic Dart; and the following spells available
                  | to memorise: Blink, Call Imp, Slow, Conjure Flame, Mephitic
                  | Cloud
     0 | D:1      | Reached XP level 1. HP: 10/10 MP: 6/6
   124 | D:1      | Reached skill level 1 in Short Blades
   125 | D:1      | Reached XP level 2. HP: 14/16 MP: 8/8
   131 | D:1      | Reached skill level 1 in Fighting
   368 | D:1      | Learned a level 2 spell: Slow
   371 | D:1      | Learned a level 2 spell: Blink
   445 | D:1      | Reached XP level 3. HP: 14/20 MP: 3/9
   749 | D:1      | Reached skill level 1 in Hexes
   880 | D:1      | Reached skill level 1 in Conjurations
   915 | D:2      | Noticed Jessica
   921 | D:2      | Killed Jessica
   986 | D:2      | Reached XP level 4. HP: 25/25 MP: 8/10
  1401 | D:2      | Learned a level 3 spell: Conjure Flame
  1959 | D:3      | Noticed Robin
  1980 | D:3      | Reached skill level 1 in Long Blades
  1994 | D:3      | Killed Robin
  1994 | D:3      | Reached skill level 1 in Dodging
  2161 | D:3      | Noticed Natasha
  2174 | D:3      | Killed Natasha
  2174 | D:3      | Reached XP level 5. HP: 30/30 MP: 11/11
  2348 | D:3      | Noticed Natasha
  2360 | D:3      | HP: 1/30 [something/magic dart (3)]
  2377 | D:3      | Killed Natasha
  2633 | D:3      | Found a shadowy altar of Dithmenos.
  2884 | D:3      | Reached skill level 1 in Shields
  2918 | D:3      | Noticed Natasha
  2931 | D:3      | Killed Natasha
  3172 | D:4      | Found a sacrificial altar of Ru.
  3246 | D:4      | Learned a level 3 spell: Mephitic Cloud
  3273 | D:4      | Noticed Grinder
  3273 | D:4      | Paralysed by Grinder for 5 turns
  3296 | D:4      | Gained mutation: You are somewhat resistant to further
                  | mutation. [potion of mutation]
  3425 | D:4      | Paralysed by Grinder for 7 turns
  3597 | D:4      | Found a staircase to the Ecumenical Temple.
  3606 | Temple   | Entered the Ecumenical Temple
  3693 | Temple   | Became a worshipper of Gozag Ym Sagoz the Greedy
  3791 | D:4      | Noticed Ijyb
  3835 | D:4      | Killed Ijyb
  3867 | D:5      | Entered Level 5 of the Dungeon
  3972 | D:5      | Reached XP level 6. HP: 36/36 MP: 12/12
  4424 | D:5      | Found a glowing drain.
  4433 | Sewer    | Entered a sewer
  4495 | Sewer    | Noticed Purgy
  4535 | Sewer    | Killed Purgy
  4652 | D:5      | Reached XP level 7. HP: 40/41 MP: 13/13
  4716 | D:5      | Found a white marble altar of Elyvilon.
  5730 | D:5      | Reached XP level 8. HP: 17/48 MP: 8/14
  5901 | D:6      | Found a sand-covered staircase.
  5911 | Ossuary  | Entered an ossuary
  6206 | Ossuary  | Reached skill level 5 in Long Blades
  6343 | Ossuary  | Reached skill level 5 in Fighting
  6547 | Ossuary  | Identified a scroll of acquirement
  6547 | Ossuary  | Identified the Disquisition on Malediction and Unholy Magic
                  | (You acquired it in an ossuary)
  6547 | Ossuary  | Identified the ring "Qoxiv" {rElec rPois Str-4 Int+2
                  | Slay+1} (You acquired it in an ossuary)
  7355 | D:6      | Reached XP level 9. HP: 55/55 MP: 12/15
  7545 | D:6      | Got an ancient war axe
  7546 | D:6      | Identified the +5 war axe of the Fifty Deaths {flame,
                  | Dex+2} (You found it on level 6 of the Dungeon)
  7564 | D:6      | Got a scorched dagger
  7578 | D:6      | Got a steaming chain mail
  7596 | D:6      | Identified the cursed +1 chain mail of the Morning {Int+5}
                  | (You found it on level 6 of the Dungeon)
  7607 | D:6      | Identified the +6 dagger of the Final Decision {speed, rF++
                  | Int+2} (You found it on level 6 of the Dungeon)
  7665 | D:6      | Slain by an orc warrior

Levels and vault maps discovered:
D:1:      dpeg_arrival_radiant, layout_basic
D:2:      layout_basic, uniq_jessica
D:3:      layout_loops_corners, marbit_many_paths, uniq_natasha, uniq_robin
D:4:      layout_basic, minmay_temple_entry_junction_2, first_ration,
          nicolae_ru_sacrificial_ziggurat, uniq_ijyb, uniq_grinder
D:5:      lemuel_castle_with_subvaults [lemuel_castle_interior_carwin_2],
          layout_gridville, basic_altar, portal_sewer_entry_b
D:6:      minmay_opposing_rooms, layout_basic, nicolae_ossuary_entry_giza,
          serial_shops, shop_statue
Temple:   nicolae_temple_elliptical

Skill      XL: |  1  2  3  4  5  6  7  8  9 |
---------------+----------------------------+-----
Short Blades   | 1 |  1.6
Fighting       | 1 2 3 4 5 6 |  6.0
Hexes          | 2 |  2.2
Conjurations   | 1 |  1.7
Long Blades    | 1 2 3 4 6 |  6.4
Dodging        | 1 |  1.0
Shields        | 1 2 3 4 |  4.0
Axes           | |  3.2
Throwing       | |  1.0
Armour         | |  1.0
Stealth        | |  1.2
Spellcasting   | |  3.0
Transmutations | |  1.1

Action                   |  1- 3 |  4- 6 |  7- 9 || total
-------------------------+-------+-------+-------++-------
Melee: Mace              |    94 |     1 |       ||    95
       Falchion          |       |   351 |   570 ||   921
       Dagger            |       |    13 |     8 ||    21
 Cast: Magic Dart        |    11 |       |       ||    11
       Slow              |     1 |     2 |    12 ||    15
       Mephitic Cloud    |       |     1 |    16 ||    17
       Blink             |       |       |     1 ||     1
Invok: Potion Petition   |       |       |     1 ||     1
       Call Merchant     |       |       |     1 ||     1
  Use: Scroll            |     3 |    10 |     3 ||    16
       Potion            |       |     7 |     3 ||    10
 Stab: Sleeping          |       |     2 |       ||     2
       Confused          |       |     2 |    14 ||    16
       Distracted        |       |       |     1 ||     1
  Eat: Chunk             |     1 |     7 |       ||     8
       Ration            |       |     2 |     4 ||     6
Armor: Ring mail         |    50 |   181 |   147 ||   378
       Robe              |     1 |       |       ||     1
Dodge: Dodged            |    62 |   181 |   184 ||   427
Block: Kite shield       |       |    16 |       ||    16
       Buckler           |       |    56 |   100 ||   156
       Rpst.: Falchion   |       |    63 |    58 ||   121

Table legend:
 A = Non-vault XP
 B = Vault XP
 C = Vault XP percentage of total XP
 D = Non-vault monster count
 E = Vault monster count
 F = Vault count percentage of total count
                 A         B        C        D         E       F
            +---------+---------+-------+---------+---------+-------
      Total |     917 |    2154 |  70.1 |      76 |     114 |  60.0
            +---------+---------+-------+---------+---------+-------
        D:1 |      58 |       0 |   0.0 |      25 |       0 |   0.0
        D:2 |      49 |      37 |  43.0 |      11 |       1 |   8.3
        D:3 |     111 |      72 |  39.3 |      15 |      13 |  46.4
        D:4 |       6 |      36 |  85.7 |       3 |       1 |  25.0
        D:5 |     317 |     633 |  66.6 |      14 |      54 |  79.4
        D:6 |     376 |     415 |  52.5 |       8 |       5 |  38.5
      Sewer |       0 |     142 | 100.0 |       0 |       6 | 100.0
    Ossuary |       0 |     819 | 100.0 |       0 |      34 | 100.0
            +---------+---------+-------+---------+---------+-------
